 Dungeon Crawl Stone Soup version 0.32-a0-876-gcfddb08e57 (webtiles) character file.

Game seed: 6769851717261621442

231 Lanoc the Slasher (level 6, -1/47 HPs)
             Began as a Coglin Gladiator on Apr 1, 2024.
             Slain by Grinder (6 damage)
             ... on level 3 of the Dungeon.
             The game lasted 00:03:09 (2347 turns).

Lanoc the Slasher (Coglin Gladiator)                Turns: 2347, Time: 00:03:10

Health: -1/47      AC:  3    Str: 15    XL:     6   Next: 3%
Magic:  6/6        EV: 12    Int: 15    God:
Gold:   95         SH:  0    Dex: 17    Spells: 5/5 levels left

rFire   + . .        a - +0 long sword {Chikashi}
rCold   + . .        b - +0 dagger (speed) {Azuma}
rNeg    . . .        n - +0 animal skin
rPois   +            o - +0 helmet "Ophe" {rCorr Int+8}
rElec   +            (no cloak)
rCorr   +            (no gloves)
SInv    .            (no boots)
Will    .....        (amulet unavailable)
Stlth   ++           (ring unavailable)
HPRegen 0.27/turn    (ring unavailable)
MPRegen 0.10/turn    (no gizmo)

%: no passive effects
@: resistant, revving
A: off-hand wielding, slow wielding, warmup strikes, no jewellery
a: Invent Gizmo


You were on level 3 of the Dungeon.
You visited 1 branch of the dungeon, and saw 3 of its levels.

You collected 95 gold pieces.

Inventory:

Hand Weapons
 a - a +0 long sword (weapon) {Chikashi}
 b - a +0 dagger of speed (offhand) {Azuma}
Missiles
 d - 3 throwing nets (quivered)
 e - a javelin
Armour
 n - a +0 animal skin (worn)
 o - the +0 helmet "Ophe" (worn) {rCorr Int+8}
   (You took it off Robin on level 2 of the Dungeon)

   Int+8:     It affects your intelligence (+8).
   rCorr:     It protects you from acid and corrosion.
Wands
 m - a wand of warping (12)
Scrolls
 c - a scroll of amnesia {unknown}
 f - a scroll of identify {unknown}
 g - a scroll of fear {unknown}
 j - a scroll of blinking {unknown}
 p - a scroll of immolation {unknown}
Potions
 i - a potion of mutation {unknown}
 k - a potion of brilliance {unknown}
 l - a potion of degeneration {unknown}


   Skills:
 + Level 3.4 Fighting
 * Level 5.0 Long Blades
 - Level 1.7 Throwing
 + Level 3.7 Dodging


You had 5 spell levels left.
You didn't know any spells.
Your spell library was empty.

Dungeon Overview and Level Annotations

Branches:
Dungeon (3/15)

Altars:
Hepliaklqana
Yredelemnul

Shops:
D:1 =

Annotations:
D:3 Grinder


Innate Abilities, Weirdness & Mutations

You can wield a second weapon in your off-hand.
It takes a long time for you to wield or remove held weapons.
Your first few attacks do less damage.
You cannot equip rings or amulets.


Message History

Grinder gestures at you. You resist with significant effort.
You slash Grinder with your +0 long sword!
Grinder is moderately wounded.
You hit Grinder but do no damage. Grinder hits you.
You writhe in agony.
You hit Grinder with your +0 dagger of speed.
Grinder is moderately wounded.
You closely miss Grinder with your +0 long sword.
Grinder hits you!
You hit Grinder with your +0 long sword.
Grinder is heavily wounded.
You hit Grinder but do no damage. Grinder hits you.
You are too injured to fight recklessly!
You hit Grinder with your +0 dagger of speed.
Grinder is heavily wounded.
You barely miss Grinder with your +0 long sword.
You hit Grinder but do no damage.
Grinder is heavily wounded.
You closely miss Grinder with your +0 long sword.
Grinder gestures at you.
You suddenly lose the ability to move!
Grinder hits you but does no damage. Grinder hits you!
* * * LOW HITPOINT WARNING * * *
You writhe in agony.
* * * LOW HITPOINT WARNING * * *
Grinder hits you.
* * * LOW HITPOINT WARNING * * *
You writhe in agony.
* * * LOW HITPOINT WARNING * * *
Grinder says, "I used to sell toenails on the black market."
Grinder gestures at you.
You shrug off the repeated paralysis!
You can move again.
Unknown command.
It was a potion of resistance.
You feel protected. Grinder hits you.
You die...
Grinder says, "Hey, I wasn't done torturing you yet!"

.# #$# #.# ##### #.#
#...# # ###.# #...#
##.# #...#########...#
#....##.#>......(......
#...5@.....# ###.....
#.#.####.#.# #..... #
#....#.# #.....
#.#.##.#.# #.....
#......#.# #.....
###......# ##....
###....# ####.
#.#####....##########.
#..........+..........


You could see Grinder.

Vanquished Creatures
  The ghost of picklenugget the Grasshopper, an amateur SpWr (D:3)
  2 orc wizards (D:3)
  Robin (D:2)
  3 adders
  A ribbon worm (D:2)
  4 dart slugs
  3 orcs (D:3)
  5 endoplasms
  3 giant cockroaches (D:1)
  16 goblins
  11 hobgoblins
  4 kobolds
  4 quokkas
  4 ball pythons
  4 bats
  2 frilled lizards (D:2)
  6 rats
74 creatures vanquished.

Vanquished Creatures (others)
  A rat (D:2)
1 creature vanquished.

Grand Total: 75 creatures vanquished

Notes
Turn   | Place    | Note
-------+----------+-------------------------------------------
     0 | D:1      | Lanoc the Coglin Gladiator began the quest for the Orb.
     0 | D:1      | Reached XP level 1. HP: 16/16 MP: 1/1
    76 | D:1      | Reached XP level 2. HP: 16/22 MP: 2/2
   200 | D:1      | Found Barchoze's Jewellery Shop.
   216 | D:1      | Reached XP level 3. HP: 13/28 MP: 3/3
   671 | D:2      | Identified the +0 helmet "Ophe" {rCorr Int+8}
   671 | D:2      | Noticed Robin
   694 | D:2      | Reached skill level 4 in Long Blades
   695 | D:2      | Reached XP level 4. HP: 10/34 MP: 4/4
   814 | D:2      | Killed Robin
  1640 | D:3      | Found a hazy altar of Hepliaklqana.
  1655 | D:3      | Reached XP level 5. HP: 28/41 MP: 5/5
  1890 | D:3      | Found a basalt altar of Yredelemnul.
  2156 | D:3      | Found a runed translucent door.
  2160 | D:3      | Noticed picklenugget's ghost (amateur SpWr)
  2172 | D:3      | Killed picklenugget's ghost
  2173 | D:3      | Reached skill level 5 in Long Blades
  2173 | D:3      | Reached XP level 6. HP: 17/47 MP: 6/6
  2332 | D:3      | Noticed Grinder
  2342 | D:3      | Paralysed by Grinder for 4 turns
  2347 | D:3      | Slain by Grinder

Illustrated notes

Levels and vault maps discovered:
D:1:      wander_arrival_estate, layout_basic, serial_shops, shop
D:2:      layout_loops_corners, uniq_robin
D:3:      layout_basic, overflow_temple_1_default, lemuel_tele_altar,
          ebering_ghost_sewer_d, minmay_large_rounded_square,
          minmay_crystal_room, small_statue_intersection, uniq_grinder

Skill      XL: |  1  2  3  4  5 |
---------------+----------------+-----
Dodging        | 3 |  3.7
Long Blades    | 4 5 |  5.0
Fighting       | 3 |  3.4
Throwing       | |  1.7

Action                     |  1- 3 |  4- 6 || total
---------------------------+-------+-------++-------
  Melee: Long sword        |    81 |    83 ||   164
         Dagger            |    75 |    81 ||   156
    Use: Potion            |       |     2 ||     2
   Stab: Sleeping          |     1 |     2 ||     3
 Armour: Leather armour    |    54 |     4 ||    58
         Animal skin       |       |    48 ||    48
  Dodge: Dodged            |    67 |    42 ||   109

Table legend: (Time is in decaauts)
 A = Elapsed time spent in this place.
 B = Non-inter-level travel time spent in this place.
 C = Inter-level travel time spent in this place.
 D = Time resting spent in this place.
 E = Time spent auto-exploring this place.
 F = Levels seen in this place.
 G = Mean time per level.
                   A        B        C        D        E       F      G
               +--------+--------+--------+--------+--------+-----+--------+
         Total |   2357 |   2322 |     35 |     74 |   1792 |   3 |  785.7 |
       Dungeon |   2357 |   2322 |     35 |     74 |   1792 |   3 |  785.7 |
               +--------+--------+--------+--------+--------+-----+--------+

Top non-repeatable levels by time:
     D:2: 958 daAuts
     D:3: 763 daAuts
     D:1: 635 daAuts
